 Dungeon Crawl Stone Soup version 0.21.1-1-g345015f (webtiles) character file.

620 Lee000 the Covert (level 7, -2/37 HPs)
             Began as a Kobold Enchanter on Feb 12, 2018.
             Slain by an orc
             ... wielding a +0 war axe
              (7 damage)
             ... on level 5 of the Dungeon.
             The game lasted 00:12:15 (4559 turns).

Lee000 the Covert (Kobold Enchanter)                Turns: 4559, Time: 00:12:15

Health: -2/37      AC:  2    Str:  8    XL:     7   Next: 75%
Magic:  1/11       EV: 15    Int: 18    God:
Gold:   276        SH:  0    Dex: 15    Spells: 0/12 levels left

rFire    + . .     SeeInvis .   a - +2 dagger
rCold    . . .     Gourm    .   (shield restricted)
rNeg     . . .     Faith    .   b - +0 robe
rPois    .         Spirit   .   (no helmet)
rElec    .         Reflect  .   (no cloak)
rCorr    .         Harm     .   (no gloves)
MR       .....                  (no boots)
Stlth    ++++......             (no amulet)
HPRegen  0.12/turn              g - ring of protection from fire
MPRegen  0.12/turn              p - +2 ring of strength

@: no status effects
A: small, carnivore
a: no special abilities


You were on level 5 of the Dungeon.
You were very full.

You visited 1 branch of the dungeon, and saw 5 of its levels.

You collected 276 gold pieces.

Inventory:

Hand Weapons
 a - a +2 dagger (weapon)
Armour
 b - a +0 robe (worn)
 i - a +0 helmet
Jewellery
 g - a ring of protection from fire (left hand)
 m - an uncursed ring of fire {unknown}
 p - a +2 ring of strength (right hand)
Wands
 l - a wand of clouds (7)
Scrolls
 f - 2 scrolls of remove curse
 h - a scroll of enchant armour {unknown}
 j - a scroll of noise {unknown}
 n - a scroll of immolation {unknown}
Potions
 e - a potion of lignification
 k - 2 potions of cancellation
 o - a potion of agility
 q - a potion of brilliance {unknown}
 r - a potion of curing {unknown}
 t - 2 potions of flight
Books
 c - a book of Maledictions

   Spells                             Type                      Level
   a - Corona                         Hexes                        1
   b - Ensorcelled Hibernation        Hexes/Ice                    2
   c - Confuse                        Hexes                        3
   d - Tukima's Dance                 Hexes                        3
   e - Dazzling Spray                 Conjuration/Hexes            3
 s - the Catalogue of Dusty Feathers
   (You found it on level 5 of the Dungeon)

   Spells                             Type                      Level
   a - Sandblast                      Earth                        1
   b - Airstrike                      Air                          4
   c - Petrify                        Transmutation/Earth          4
   d - Lightning Bolt                 Conjuration/Air              5
   e - Iron Shot                      Conjuration/Earth            6
Comestibles
 d - 8 rations


   Skills:
 + Level 0.4 Fighting
 - Level 3.8 Short Blades
 - Level 2.4 Dodging
 + Level 9.3 Stealth
 - Level 3.1 Spellcasting
 + Level 4.4 Hexes
 - Level 1.0 Ice Magic


You couldn't memorise any spells.
You knew the following spells:

 Your Spells              Type           Power        Failure   Level  Hunger
a - Corona                Hex            ###....      2%          1    None
b - Ensorcelled Hibernat  Hex/Ice        ##....       8%          2    ##.....
c - Confuse               Hex            ###.....     8%          3    ###....
d - Tukima's Dance        Hex            ###.....     8%          3    ###....
e - Dazzling Spray        Conj/Hex       ##....       19%         3    ###....


Dungeon Overview and Level Annotations

Branches:
Dungeon (5/15)
 Temple: D:4-7

Altars:
Dithmenos

Shops:
D:4 }

Annotations:
D:5 jazmu's ghost, amateur OpFE


Innate Abilities, Weirdness & Mutations

You are small and have problems with some larger weapons.
You are carnivorous and can eat meat at any time.


Message History

The orc looks drowsy...
The orc barely misses you.
Casting: Ensorcelled Hibernation
Confirm with . or Enter, or press ? or * to list all spells.
You don't have enough magic to cast that spell.
There is a stone staircase leading up here.
The orc barely misses you. The orc hits you with a war axe.
Items here: $ ) [ † a mace; a leather armour; 18 gold pieces; an orc corpse The orc hits you with a war axe.
The orc shouts!
You hit the orc.
The orc is severely wounded.
The orc closely misses you. The orc barely misses you.
You closely miss the orc.
The orc is severely wounded.
The orc stops glowing.
The orc hits you with a short sword!
* * * LOW HITPOINT WARNING * * *
The orc hits you with a war axe!
You die...

################# #####
#....(........... #....
#................ #....
#................ #....
#........<....# #....
....##)o.....#######....
#######.@...!.##.........
#.....o........#.........
#..............#.........
#(.............#.........
#....#..#.....###########
#########.....#..........
#......#..........
#......+..........
#......#..........


You could see 2 orcs.

Vanquished Creatures
  Sigmund (D:5)
  An ice beast (D:5)
  2 iguanas (D:5)
  An orc wizard (D:5)
  3 worker ants
  A hound skeleton (D:3)
  11 adders
  2 shadow imps (D:5)
  An ooze (D:2)
  3 worms
  2 dart slugs
  3 leopard geckos
  3 orcs (D:5)
  2 ball pythons
  9 giant cockroaches
  4 goblins
  2 hobgoblins
  8 jackals
  2 quokkas (D:2)
  8 bats
  7 frilled lizards
  5 kobolds
  5 rats
86 creatures vanquished.

Notes
Turn   | Place    | Note
-------+----------+-------------------------------------------
     0 | D:1      | Lee000 the Kobold Enchanter began the quest for the Orb.
     0 | D:1      | Reached XP level 1. HP: 10/10 MP: 3/3
   330 | D:1      | Reached XP level 2. HP: 8/15 MP: 5/5
   459 | D:1      | Learned a level 2 spell: Ensorcelled Hibernation
  1163 | D:2      | Reached XP level 3. HP: 19/19 MP: 6/6
  1366 | D:2      | Reached skill level 5 in Stealth
  1698 | D:2      | Reached XP level 4. HP: 24/24 MP: 7/7
  1995 | D:2      | Reached skill level 6 in Stealth
  2256 | D:3      | Reached XP level 5. HP: 28/28 MP: 5/8
  2286 | D:3      | Learned a level 3 spell: Confuse
  3173 | D:4      | Reached XP level 6. HP: 32/32 MP: 4/9
  3310 | D:4      | Found Alusud's Gadget Emporium.
  3356 | D:4      | Reached skill level 7 in Stealth
  3466 | D:4      | Found a shadowy altar of Dithmenos.
  3593 | D:5      | Entered Level 5 of the Dungeon
  3593 | D:5      | Noticed Sigmund
  3595 | D:5      | Killed Sigmund
  3595 | D:5      | Reached skill level 8 in Stealth
  3595 | D:5      | Reached XP level 7. HP: 36/36 MP: 9/11
  3625 | D:5      | Identified the Catalogue of Dusty Feathers
  3674 | D:5      | Reached skill level 1 in Ice Magic
  3830 | D:5      | Reached skill level 9 in Stealth
  3939 | D:5      | Noticed jazmu's ghost (amateur OpFE)
  4514 | D:5      | Learned a level 3 spell: Tukima's Dance
  4518 | D:5      | Learned a level 3 spell: Dazzling Spray
  4559 | D:5      | Slain by an orc

Skill      XL: |  1  2  3  4  5  6  7 |
---------------+----------------------+-----
Stealth        | 5 6 8 9 |  9.3
Short Blades   | 2 3 |  3.8
Hexes          | 4 |  4.4
Ice Magic      | 1 |  1.0
Spellcasting   | 3 |  3.1
Fighting       | |  0.4
Dodging        | |  2.4

Action                   |  1- 3 |  4- 6 |  7- 9 || total
-------------------------+-------+-------+-------++-------
Melee: Dagger            |   116 |   129 |    34 ||   279
 Cast: Corona            |     4 |       |     1 ||     5
       Ensorcelled Hiber |     3 |    18 |    15 ||    36
       Confuse           |       |       |     2 ||     2
  Use: Scroll            |     1 |     6 |     1 ||     8
 Stab: Sleeping          |    11 |    31 |     9 ||    51
       Confused          |       |       |     3 ||     3
  Eat: Chunk             |    10 |     8 |     3 ||    21
Armor: Robe              |    21 |    11 |       ||    32
Dodge: Dodged            |   100 |    83 |    19 ||   202
